 Dungeon Crawl Stone Soup version 0.29.1-1-gd02db6906a (webtiles) character file.

Game seed: 15240597227308606772

3716 Demigod47 the Basher (level 9, -9/79 HPs)
             Began as a Minotaur Fighter on Oct 17, 2022.
             Was a Believer of Okawaru.
             Killed from afar by an acid dragon (35 damage)
             ... with a splash of acid
             ... on level 8 of the Dungeon.
             The game lasted 00:11:51 (8311 turns).

Demigod47 the Basher (Minotaur Fighter)             Turns: 8311, Time: 00:11:52

Health: -9/79      AC: 14    Str: 26    XL:     9   Next: 91%
Magic:  7/7        EV:  9    Int:  5    God:    Okawaru [**....]
Gold:   178        SH: 10    Dex:  9    Spells: 8/8 levels left

rFire   . . .      SeeInvis .   p - +3 mace
rCold   . . .      Faith    .   c - +0 buckler
rNeg    . . .      Spirit   .   i - +0 chain mail
rPois   .          Reflect  +   (helmet restricted)
rElec   .          Harm     .   t - +0 cloak
rCorr   .          Rampage  .   (no gloves)
Will    +....      Rage     3%  x - +1 pair of boots {Stlth+}
Stlth   ..........              r - amulet of reflection
HPRegen 0.23/turn               m - ring of willpower
MPRegen 0.10/turn               a - ring of flight

@: flying
A: horns 2, retaliatory headbutt, claws 1, berserk 1, low MP 1
a: Renounce Religion, Heroism


You were on level 8 of the Dungeon.
You worshipped Okawaru.
Okawaru was pleased with you.
You visited 2 branches of the dungeon, and saw 9 of its levels.

You collected 365 gold pieces.
You spent 187 gold pieces at shops.

Inventory:

Hand Weapons
 p - a +3 mace (weapon)
Missiles
 g - a throwing net (quivered)
Armour
 c - a +0 buckler (worn)
 i - a +0 chain mail (worn)
 t - a +0 cloak (worn)
 x - a +1 pair of boots of stealth (worn)
Jewellery
 a - a ring of flight (right claw)
 m - a ring of willpower (left claw)
 r - an amulet of reflection (around neck)
Wands
 n - a wand of mindburst (6)
 v - a wand of roots (10)
Scrolls
 b - a scroll of identify
 f - 3 scrolls of enchant weapon
 h - a scroll of fear
 k - a scroll of immolation
 l - 2 scrolls of summoning
 o - a scroll of noise
 u - a scroll of acquirement {unknown}
Potions
 d - a potion of might
 e - 2 potions of heal wounds
 j - 3 potions of attraction
 q - 2 potions of flight
 s - a potion of curing
 w - a potion of degeneration {unknown}


   Skills:
 + Level 7.0 Fighting
 * Level 12.1 Maces & Flails
 + Level 8.1 Armour
 + Level 3.2 Dodging
 + Level 1.3 Stealth
 + Level 7.3 Shields


You had 8 spell levels left.
You didn't know any spells.
Your spell library contained the following spells:

 Spells                   Type           Power      Damage    Failure   Level
 Magic Dart               Conj           0%         1d3       98%         1
 Searing Ray              Conj           0%         2d4       99%         2
 Static Discharge         Conj/Air       0%         3-3/arc   99%         2
 Gell's Gravitas          Tloc           0%         N/A       100%        3
 Teleport Other           Tloc           0%         N/A       100%        3
 Dispel Undead            Necr           0%         3d6       100%        4
 Fulminant Prism          Conj/Hex       0%         3d6       100%        4
 Sticky Flame             Conj/Fire      0%         2d3       100%        4
 Dispersal                Tloc           0%         N/A       100%        6
 Storm Form               Tmut/Air       0%         N/A       100%        7
 Maxwell's Capacitive Co  Air            0%         ∞         100%        8
 Summon Lightning Spire   Summ/Air       Unusable   N/A       N/A         4

Dungeon Overview and Level Annotations

Branches:
Dungeon (8/15)             Temple (1/1) D:4
   Lair: D:8-11

Altars:
Cheibriados
Dithmenos
Elyvilon
Fedhas
Gozag
Hepliaklqana
Kikubaaqudgha
Makhleb
Okawaru
Qazlal
Ru
Sif Muna
Trog
Uskayaw
Vehumet
Wu Jian
Xom
Yredelemnul
Zin

Shops:
D:5 *   D:6 [

Annotations:
D:5 1 transporter, jaiteiro's ghost, novice GnCj


Innate Abilities, Weirdness & Mutations

You have a pair of horns on your head.
You reflexively headbutt those who attack you in melee.
You have sharp fingernails.
You sometimes lose your temper in combat.
Your magical capacity is low. (-10% MP)


Message History

You hit the wolf but do no damage.
The wolf is moderately wounded.
The wolf bites you!
Grum hits you from afar with a +1 glaive.
The acid dragon barely misses you. You furiously retaliate!
You headbutt the acid dragon!
The acid dragon claws you but does no damage.
You sock the wolf!
You kill the wolf!
Okawaru accepts your kill.
Your Maces & Flails skill increases to level 12!
The acid dragon attacks as you move away!
The acid dragon barely misses you.
The acid dragon claws you but does no damage.
The acid dragon spits acid at you. The splash of acid hits you!!
Grum barely misses you.
You hear a shout! x3
You see here a wolf corpse.
You sock Grum! You headbutt Grum!
Grum is heavily wounded.
Grum barely misses you. You furiously retaliate!
You headbutt Grum. You barely miss Grum. You headbutt Grum.
Grum is severely wounded.
You block the acid dragon's attack.
The acid dragon claws you but does no damage.
Grum hits you with a +1 glaive!!
You hit Grum. You headbutt Grum!
You kill Grum!
Okawaru accepts your kill.
A wolf comes into view.
The acid dragon bites you. The acid dragon barely misses you.
You barely miss the acid dragon.
The acid dragon is moderately wounded.
You block the acid dragon's attack.
The acid dragon claws you but does no damage.
You sock the acid dragon! You headbutt the acid dragon.
The acid dragon is severely wounded.
The acid dragon spits acid at you. The splash of acid hits you!!
You die...

#####. ..# ......
.. ##..#.... #..
..#. .# #.. ... .
#.. #.# .# #
...##..##.##.##.#
#...h)@D........
..#######..#.##..
.#.### ##....##.#
...... ##.........
#.... #......##.#
#....##.####.# .
#.......## ...
#........# #..#
#.#.....#..#####.#


You could see an acid dragon (catching breath) and a wolf.

Vanquished Creatures
  The ghost of matti1234 the Covert, a novice KoEn of Gozag (D:7)
  Grinder (D:5)
  A wyvern (D:8)
  Grum (D:8)
  A water moccasin (D:6)
  Pargi (D:3)
  An ice beast (D:7)
  A black bear (D:7)
  3 sky beasts
  2 ogres
  A wolf (D:8)
  A kobold brigand (D:7)
  4 bullfrogs
  4 scorpions
  13 wights
  5 hounds
  2 jellies (D:4)
  3 orc priests
  2 iguanas
  Ijyb (D:3)
  Terence (D:3)
  3 orc wizards
  10 adders
  4 gnolls
  A white imp (D:7)
  A worm (D:5)
  3 dart slugs (D:2)
  18 orcs
  9 endoplasms
  A giant cockroach (D:4)
  3 goblins
  6 hobgoblins
  7 jackals (D:3)
  11 kobolds
  3 quokkas
  8 ball pythons
  4 bats
  5 rats
147 creatures vanquished.

Vanquished Creatures (others)
  7 toadstools (D:1)
7 creatures vanquished.

Grand Total: 154 creatures vanquished

Notes
Turn   | Place    | Note
-------+----------+-------------------------------------------
     0 | D:1      | Demigod47 the Minotaur Fighter began the quest for the Orb.
     0 | D:1      | Reached XP level 1. HP: 19/19 MP: 0/0
   382 | D:1      | Reached XP level 2. HP: 27/27 MP: 1/1
   878 | D:2      | Reached XP level 3. HP: 10/33 MP: 2/2
  1107 | D:2      | Reached skill level 3 in Maces & Flails
  1172 | D:2      | You fall into a shaft and drop 2 floors!
  1435 | D:4      | Found a staircase to the Ecumenical Temple.
  1468 | Temple   | Entered the Ecumenical Temple
  1565 | D:4      | Reached XP level 4. HP: 8/40 MP: 3/3
  1829 | D:3      | Noticed Terence
  1839 | D:3      | Killed Terence
  1840 | D:3      | Reached skill level 4 in Maces & Flails
  1913 | D:3      | Noticed Ijyb
  1925 | D:3      | Killed Ijyb
  1926 | D:3      | Reached XP level 5. HP: 7/46 MP: 4/4
  2241 | D:3      | Reached skill level 1 in Dodging
  2265 | D:3      | Found an opulent altar of Gozag.
  2302 | D:3      | Found a faded altar of an unknown god.
  2310 | D:3      | Prayed at the altar of an unknown god.
  2310 | D:3      | Became a worshipper of Ru the Awakened
  2312 | D:3      | Noticed Pargi
  2328 | D:3      | Killed Pargi
  2329 | D:3      | Reached skill level 5 in Maces & Flails
  2447 | D:3      | Reached XP level 6. HP: 48/52 MP: 5/5
  2488 | D:3      | Found a bloodstained altar of Trog.
  3556 | D:2      | Gained mutation: You are clumsy. (Dex -2) [potion of
                  | mutation]
  3558 | D:2      | Lost mutation: You are clumsy. (Dex -2) [potion of
                  | mutation]
  3558 | D:2      | Gained mutation: You are somewhat resistant to further
                  | mutation. [potion of mutation]
  3637 | D:4      | Reached skill level 6 in Maces & Flails
  3981 | D:4      | Found a white marble altar of Elyvilon.
  4524 | D:5      | Entered Level 5 of the Dungeon
  4541 | D:6      | Reached skill level 5 in Armour
  4612 | D:6      | Reached skill level 7 in Maces & Flails
  4612 | D:6      | Reached XP level 7. HP: 22/60 MP: 6/6
  4805 | D:5      | Reached skill level 5 in Shields
  5039 | D:5      | Lost mutation: You are somewhat resistant to further
                  | mutation. [potion of mutation]
  5039 | D:5      | Gained mutation: Your magical capacity is low. (-10% MP)
                  | [potion of mutation]
  5039 | D:5      | Gained mutation: You sometimes lose your temper in combat.
                  | [potion of mutation]
  5039 | D:5      | Gained mutation: You have sharp fingernails. [potion of
                  | mutation]
  5125 | D:5      | Reached skill level 8 in Maces & Flails
  5296 | D:5      | Noticed Grinder
  5325 | D:5      | Killed Grinder
  5326 | D:5      | Reached skill level 5 in Fighting
  5326 | D:5      | Reached XP level 8. HP: 68/68 MP: 6/6
  5393 | D:5      | Found a transporter.
  5395 | D:5      | Noticed jaiteiro's ghost (novice GnCj)
  5916 | D:5      | Found Zesuditu's Assorted Antiques.
  5921 | D:5      | Bought a pair of embroidered boots for 187 gold pieces
  5954 | D:5      | Reached skill level 1 in Stealth
  6154 | D:6      | Reached skill level 9 in Maces & Flails
  6314 | D:6      | Found an iron altar of Okawaru.
  6317 | D:6      | Fell from the grace of Ru
  6317 | D:6      | Became a worshipper of Warmaster Okawaru
  6520 | D:6      | Reached skill level 10 in Maces & Flails
  6528 | D:6      | Found Kudapn's Antique Armour Emporium.
  6548 | D:6      | Reached XP level 9. HP: 35/75 MP: 7/7
  7070 | D:7      | Found a runed translucent gate.
  7070 | D:7      | Found a runed translucent gate.
  7070 | D:7      | Found a runed translucent gate.
  7283 | D:7      | Reached * piety under Okawaru
  7328 | D:7      | Reached skill level 11 in Maces & Flails
  7801 | D:7      | Noticed matti1234's ghost (novice KoEn)
  7815 | D:7      | Killed matti1234's ghost
  7903 | D:7      | Reached ** piety under Okawaru
  8299 | D:8      | Noticed Grum
  8306 | D:8      | Reached skill level 12 in Maces & Flails
  8309 | D:8      | Killed Grum
  8311 | D:8      | Killed from afar by an acid dragon

Illustrated notes

Levels and vault maps discovered:
D:1:      nagdon_arrival_zigzag_paths, layout_basic
D:2:      layout_rooms
D:3:      layout_loops_ring, mainiacjoe_overflow_six_doors_small, bloody_trog,
          ebering_ecumenical_altar_abandoned, uniq_ijyb, uniq_pargi,
          uniq_terence
D:4:      layout_layer_cave, nicolae_overflow_crystal_walls, temple_statues
D:5:      layout_rooms, gammafunk_ghost_smash, serial_shops,
          nicolae_shop_statue_plus, minmay_diced_spiral, uniq_grinder
D:6:      layout_basic, mainiacjoe_overflow_alcove_2, serial_shops,
          nicolae_shop_statue_plus
D:7:      layout_basic, ebering_ghost_rock_garden, grunt_ministairs_6
D:8:      layout_basic, lemuel_coloured_pillars_altar,
          hangedman_abyss_or_decor_lesser_grid, uniq_grum
Temple:   hellmonk_temple_of_storms

Skill      XL: |  1  2  3  4  5  6  7  8  9 |
---------------+----------------------------+-----
Shields        | 4 5 6 7 |  7.3
Fighting       | 4 5 6 7 |  7.0
Armour         | 4 5 6 8 |  8.1
Maces & Flails | 3 4 5 7 8 10 12 | 12.1
Dodging        | 1 2 3 |  3.2
Stealth        | 1 |  1.3

Action                   |  1- 3 |  4- 6 |  7- 9 || total
-------------------------+-------+-------+-------++-------
Melee: Flail             |    59 |   124 |    39 ||   222
       Headbutt          |     2 |    15 |    38 ||    55
       Mace              |       |       |   228 ||   228
  Use: Potion            |       |     6 |     4 ||    10
       Scroll            |       |     4 |     4 ||     8
Armor: Scale mail        |    70 |    75 |    46 ||   191
       Chain mail        |       |       |    55 ||    55
Dodge: Dodged            |    39 |    62 |    87 ||   188
Block: Buckler           |    21 |    71 |   142 ||   234
       Reflection        |       |     3 |     2 ||     5
